 Dungeon Crawl Stone Soup version 0.28-a0-1406-ga8dd43b1d0 (webtiles) character file.

Game seed: 15393616057166501894

2 Froggeryz the Sneak (level 1, -2/16 HPs)
             Began as a Ghoul Wanderer on Jan 6, 2022.
             Slain by a jackal (3 damage)
             ... on level 1 of the Dungeon.
             The game lasted 00:00:31 (206 turns).

Froggeryz the Sneak (Ghoul Wanderer)                 Turns: 206, Time: 00:00:31

Health: -2/16      AC:  5    Str: 17    XL:     1   Next: 30%
Magic:  1/1        EV: 10    Int:  7    God:
Gold:   0          SH:  0    Dex:  6    Spells: 1/2 levels left

rFire   . . .      SeeInvis .   (no weapon)
rCold   + . .      Faith    .   (no shield)
rNeg    + + +      Spirit   .   c - +0 ring mail
rPois   ∞          Reflect  .   (no helmet)
rElec   .          Harm     .   (no cloak)
rCorr   .          Rampage  .   (no gloves)
Will    .....                   (no boots)
Stlth   +.........              (no amulet)
HPRegen 0.00/turn               (no ring)
MPRegen 0.07/turn               (no ring)

@: inhibited regen
A: claws 1, cold resistance 1, negative energy resistance 3, inhibited
regeneration, torment resistance 2
a: no special abilities


You were on level 1 of the Dungeon.
You visited 1 branch of the dungeon, and saw 1 of its levels.

Inventory:

Armour
 c - a +0 ring mail (worn)
Scrolls
 b - a scroll of blinking


   Skills:
 - Level 1.1 Fighting
 - Level 2.6 Armour
 - Level 1.0 Dodging
 - Level 3.2 Stealth
 + Level 0.7 Unarmed Combat
 - Level 1.0 Spellcasting
 - Level 1.0 Transmutations


You had one spell level left.
You knew the following spells:

 Your Spells              Type           Power      Damage    Failure   Level
a - Sting                 Tmut/Pois      4%         1d3       52%         1

Your spell library contained the following spells:

 Spells                   Type           Power      Damage    Failure   Level
 Ignite Poison            Fire/Tmut/Pois 0%         N/A       90%         3


Dungeon Overview and Level Annotations

Branches:
Dungeon (1/15)

Altars:


Innate Abilities, Weirdness & Mutations

You thrive by killing the living.
You are immune to poison.
You have sharp fingernails.
Your flesh is cold resistant. (rC+)
You are immune to negative energy. (rN+++)
You do not regenerate when monsters are visible.
You are immune to unholy pain and torment.


Message History

The kobold barely misses you.
You completely miss the jackal.
The jackal is heavily wounded.
The jackal bites you but does no damage.
The kobold closely misses you. The jackal barely misses you.
You closely miss the jackal.
The jackal is heavily wounded.
The kobold closely misses you. The jackal barely misses you.
You barely miss the jackal.
The jackal is heavily wounded.
The jackal completely misses you.
The kobold hits you with a +0 short sword.
You barely miss the jackal.
The jackal is moderately wounded.
The jackal completely misses you. The kobold barely misses you.
The jackal closely misses you.
You barely miss the jackal.
The jackal is moderately wounded.
The jackal barely misses you.
The kobold hits you with a +0 short sword.
* * * LOW HITPOINT WARNING * * *
You scratch the jackal but do no damage.
The jackal is moderately wounded.
The jackal barely misses you.
The kobold hits you with a +0 short sword.
* * * LOW HITPOINT WARNING * * *
You barely miss the jackal.
The jackal is moderately wounded.
The jackal barely misses you.
The kobold hits you with a +0 short sword.
* * * LOW HITPOINT WARNING * * *
The jackal barely misses you.
You scratch the jackal.
The jackal is heavily wounded.
The jackal bites you but does no damage.
The kobold barely misses you.
You miss the jackal.
The jackal is heavily wounded.
The jackal bites you.
You die...

######. ≈ ......
..... #### .....
..... ..≈≈ ##...
#...# #... .≈≈≈
#.... #...# #..#
..≈≈≈ #.><. #..h#
#..# ...≈≈ #....
+...# #..#.....
##...
#...###h.#..#.≈≈
####
#..hhK@.......≈≈
≈ #..####..#.....
≈≈
.#..####.##...#.
≈≈≈
................
≈≈≈
...............##
.(.#.#####.##.#.#
####. #.##.# #
#.##.#.#
#.#####.##.#.#


You could see 3 jackals and a kobold.

Vanquished Creatures
  A jackal (D:1)
  A bat (D:1)
2 creatures vanquished.

Notes
Turn   | Place    | Note
-------+----------+-------------------------------------------
     0 | D:1      | Froggeryz the Ghoul Wanderer began the quest for the Orb.
     0 | D:1      | Froggeryz set off with the following items: a +2 dagger, a
                  | scroll of blinking, a +0 ring mail; and the following spell
                  | memorised: Sting; and the following spells available to
                  | memorise: Ignite Poison
     0 | D:1      | Reached XP level 1. HP: 16/16 MP: 1/1
   206 | D:1      | Slain by a jackal

Illustrated notes

Levels and vault maps discovered:
D:1:      minmay_arrival_shoal_huts, layout_basic

Action                   || total
-------------------------++-------
Melee: Unarmed           ||    21
       Dagger            ||     5
       Punch             ||     1
Armor: Ring mail         ||    10
Dodge: Dodged            ||    27

Table legend: (Time is in decaauts)
 A = Elapsed time spent in this place.
 B = Non-inter-level travel time spent in this place.
 C = Inter-level travel time spent in this place.
 D = Time resting spent in this place.
 E = Time spent auto-exploring this place.
 F = Levels seen in this place.
 G = Mean time per level.
                   A        B        C        D        E       F      G
               +--------+--------+--------+--------+--------+-----+--------+
         Total |    206 |    206 |      0 |      0 |    166 |   1 |  206.0 |
       Dungeon |    206 |    206 |      0 |      0 |    166 |   1 |  206.0 |
               +--------+--------+--------+--------+--------+-----+--------+

Top non-repeatable levels by time:
     D:1: 206 daAuts
